 Dungeon Crawl Stone Soup version 0.26-a0-537-g96b2eae49b (webtiles) character file.

Game seed: 4717504953936984750

83 Morbidden the Ducker (level 4, -1/30 HPs)
             Began as a Demonspawn Gladiator on Aug 14, 2020.
             Slain by Grinder (5 damage)
             ... on level 3 of the Dungeon.
             The game lasted 00:03:02 (3396 turns).

Morbidden the Ducker (Demonspawn Gladiator)         Turns: 3396, Time: 00:03:02

Health: -1/30      AC:  5    Str: 12 (15) XL:     4   Next: 22%
Magic:  4/4        EV: 12    Int:  7 (9)  God:
Gold:   181        SH:  0    Dex: 12 (15) Spells: 3/3 levels left

rFire    . . .     SeeInvis .     - Unarmed
rCold    + . .     Faith    .   (no shield)
rNeg     . . .     Spirit   .   b - +0 leather armour
rPois    .         Reflect  .   c - +0 helmet
rElec    .         Harm     .   (no cloak)
rCorr    .                      (no gloves)
MR       .....                  k - +0 pair of boots (curse)
Stlth    +.........             (no amulet)
HPRegen  0.10/turn              (no ring)
MPRegen  0.09/turn              (no ring)

@: brilliant
A: claws 1, cold resistance 1, frail 1, mutation resistance 1
a: no special abilities


You were on level 3 of the Dungeon.
You visited 1 branch of the dungeon, and saw 3 of its levels.

You collected 181 gold pieces.

Inventory:

Hand Weapons
 f - a +0 dagger
Armour
 b - a +0 leather armour (worn)
 c - a +0 helmet (worn)
 k - a cursed +0 pair of boots (worn)
Wands
 o - a wand of flame (17)
Scrolls
 g - 6 scrolls of identify {unknown}
 h - a scroll of noise {unknown}
 j - a scroll of remove curse {unknown}
 m - a scroll of teleportation {unknown}
 n - 2 scrolls of amnesia {unknown}


   Skills:
 + Level 2.5 Fighting
   Level 3.1 Long Blades
 + Level 1.8 Throwing
 + Level 1.5 Armour
 + Level 3.2 Dodging
 + Level 1.0 Unarmed Combat


You had 3 spell levels left.
You didn't know any spells.
Your spell library was empty.

Dungeon Overview and Level Annotations

Branches:
Dungeon (3/15)

Altars:
Hepliaklqana
Yredelemnul
The Shining One

Annotations:
D:3 Grinder


Innate Abilities, Weirdness & Mutations

You have sharp fingernails.
Your flesh is cold resistant. (rC+)
You are frail. (-10% HP)
You are somewhat resistant to further mutation.


Message History

Grinder hits you!
You writhe in agony.
You barely miss Grinder.
Grinder is lightly wounded.
Grinder hits you!
* * * LOW HITPOINT WARNING * * *
You writhe in agony.
* * * LOW HITPOINT WARNING * * *
You barely miss Grinder.
Grinder is lightly wounded.
Grinder gestures at you. You resist with significant effort.
You scratch Grinder.
Grinder is lightly wounded.
Grinder closely misses you.
You scratch Grinder.
Grinder is moderately wounded.
Grinder hits you.
* * * LOW HITPOINT WARNING * * *
You writhe in agony.
You die...

#.##..######....#.##.
#.....#######.###.#
#.................#
##....#######.#####
#....# #.# ####.##
#.#
##..######.#######
#.........>.......
#@#..#####'#######
#5##.# #....(# .g. ##
#.....# ..... #.....#
# ###....... ###.###
#. ..#..(_...# #.#
#.###.#.......### #.#
#...#.##..(..##.# #†#
#......## #.###.#


You could see Grinder and a goblin.

Vanquished Creatures
  An ooze (D:1)
  3 worms
  3 dart slugs
  A leopard gecko (D:1)
  An orc (D:3)
  A giant cockroach (D:2)
  5 goblins
  12 hobgoblins
  2 jackals (D:2)
  A quokka (D:2)
  2 ball pythons (D:1)
  7 bats
  5 frilled lizards
  7 kobolds
  7 rats
58 creatures vanquished.

Vanquished Creatures (others)
  A goblin (D:2)
1 creature vanquished.

Grand Total: 59 creatures vanquished

Notes
Turn   | Place    | Note
-------+----------+-------------------------------------------
     0 | D:1      | Morbidden the Demonspawn Gladiator began the quest for the
                  | Orb.
     0 | D:1      | Reached XP level 1. HP: 16/16 MP: 1/1
   387 | D:1      | Gained mutation: Your flesh is cold resistant. (rC+)
                  | [demonic ancestry]
   387 | D:1      | Reached XP level 2. HP: 18/22 MP: 2/2
  1056 | D:1      | Gained mutation: You have sharp fingernails. [demonic
                  | ancestry]
  1056 | D:1      | Reached XP level 3. HP: 27/27 MP: 3/3
  1360 | D:2      | Reached skill level 1 in Armour
  1486 | D:2      | Found a basalt altar of Yredelemnul.
  1488 | D:2      | Noticed a profane servitor
  2877 | D:2      | Found a glowing golden altar of the Shining One.
  3007 | D:2      | Noticed an angel
  3063 | D:3      | Reached skill level 1 in Unarmed Combat
  3063 | D:3      | Reached XP level 4. HP: 34/34 MP: 4/4
  3375 | D:3      | Found a hazy altar of Hepliaklqana.
  3375 | D:3      | Noticed Grinder
  3390 | D:3      | Gained mutation: You are frail. (-10% HP) [potion of
                  | mutation]
  3390 | D:3      | Gained mutation: You are somewhat resistant to further
                  | mutation. [potion of mutation]
  3396 | D:3      | Slain by Grinder

Illustrated notes

Levels and vault maps discovered:
D:1:      evilmike_arrival_fibonacci_small, layout_basic
D:2:      layout_loops_corners, grunt_temple_overflow_holy_war,
          minmay_statues_item
D:3:      layout_basic, lemuel_round_altar, kennysheep_nub,
          minmay_misc_feat_columns, minmay_misc_feat_enclosed, uniq_grinder

Skill      XL: |  1  2  3 |
---------------+----------+-----
Long Blades    | 3 |  3.1
Dodging        | 3 |  3.2
Armour         | 1 |  1.5
Unarmed Combat | 1 |  1.0
Fighting       | |  2.5
Throwing       | |  1.8

Action                   |  1- 3 |  4- 6 || total
-------------------------+-------+-------++-------
Melee: Long sword        |    57 |       ||    57
       Unarmed           |   156 |    48 ||   204
Throw: Throwing net      |     3 |     2 ||     5
Evoke: Wand              |       |     1 ||     1
  Use: Potion            |       |     5 ||     5
 Stab: Held in net/web   |       |     1 ||     1
       Sleeping          |       |     1 ||     1
Armor: Leather armour    |    46 |     8 ||    54
Dodge: Dodged            |   121 |    35 ||   156
       Rpst.: Long sword |    22 |       ||    22

Table legend: (Time is in decaauts)
 A = Elapsed time spent in this place.
 B = Non-inter-level travel time spent in this place.
 C = Inter-level travel time spent in this place.
 D = Time resting spent in this place.
 E = Time spent auto-exploring this place.
 F = Levels seen in this place.
 G = Mean time per level.
                   A        B        C        D        E       F      G
               +--------+--------+--------+--------+--------+-----+--------+
         Total |   3408 |   3365 |     43 |    190 |   2641 |   3 | 1136.0 |
       Dungeon |   3408 |   3365 |     43 |    190 |   2641 |   3 | 1136.0 |
               +--------+--------+--------+--------+--------+-----+--------+

Top non-repeatable levels by time:
     D:2: 1761 daAuts
     D:1: 1292 daAuts
     D:3: 354 daAuts
